 Dungeon Crawl Stone Soup version 0.19.5 (webtiles) character file.

249 Just00me the Ducker (level 5, -10/41 HPs)
             Began as a Demonspawn Monk on Mar 22, 2017.
             Mangled by tschems's ghost (12 damage)
             ... on level 4 of the Dungeon.
             The game lasted 00:13:04 (2683 turns).

Just00me the Ducker (Demonspawn Monk)               Turns: 2683, Time: 00:13:05

Health: -10/41     AC:  7    Str: 13    XL:     5   Next: 86%
Magic:  5/5        EV: 15    Int: 11    God:
Gold:   99         SH:  0    Dex: 15    Spells: 0 memorised, 4 levels left

rFire  . . .     SeeInvis .       - Unarmed
rCold  . . .     Gourm    +     f - +0 leather armour
rNeg   . . .     Faith    .     (no shield)
rPois  .         Spirit   .     (helmet restricted)
rElec  .         Reflect  .     (no cloak)
rCorr  .         Harm     .     e - +1 pair of gloves
MR     .....                    (no boots)
Stlth  ++........               d - amulet of the gourmand
                                (no ring)
                                h - +1 ring of evasion

@: no status effects
A: horns 1, thin metallic scales 1, powered by death 1
a: no special abilities


You were on level 4 of the Dungeon.
You were very full.

You visited 1 branch of the dungeon, and saw 4 of its levels.

You collected 99 gold pieces.

Inventory:

Armour
 e - a +1 pair of gloves (worn)
 f - a +0 leather armour (worn)
Jewellery
 d - an amulet of the gourmand (around neck)
 h - a +1 ring of evasion (left hand)
Wands
 i - a wand of flame (12/48)
Scrolls
 c - a scroll of teleportation {unknown}
 o - a scroll of recharging {unknown}
Potions
 a - a potion of cancellation
 g - a potion of invisibility {unknown}
 j - a potion of brilliance {unknown}
 q - 2 potions of beneficial mutation {unknown}
Comestibles
 b - 4 bread rations
 k - 2 beef jerkies
 l - 4 fruits
 m - a chunk of flesh
 n - 3 slices of pizza


   Skills:
 - Level 3.0 Fighting
 + Level 4.9 Dodging
 - Level 1.7 Stealth
 + Level 4.3 Unarmed Combat


You had 4 spell levels left.
You didn't know any spells.

Dungeon Overview and Level Annotations

Branches:
Dungeon (4/15)
 Temple: D:4-7

Altars:
Gozag
Qazlal
Sif Muna

Shops:
D:2 *

Annotations:
D:4 tschems's ghost, amateur HuFi


Innate Abilities, Weirdness & Mutations

You have a pair of small horns on your head.
You are partially covered in thin metallic scales. (AC +2)
You regenerate a little health from kills.


Message History

* * * LOW HITPOINT WARNING * * *
You hit tschems's ghost but do no damage.
Tschems's ghost is moderately damaged.
Tschems's ghost hits you but does no damage.
You hit tschems's ghost.
Tschems's ghost is moderately damaged.
Tschems's ghost hits you but does no damage.
You hit tschems's ghost but do no damage.
You headbutt tschems's ghost.
Tschems's ghost is moderately damaged.
Tschems's ghost hits you.
* * * LOW HITPOINT WARNING * * *
You hit tschems's ghost but do no damage.
Your headbutt misses tschems's ghost.
Tschems's ghost is moderately damaged.
Tschems's ghost closely misses you.
You hit tschems's ghost.
Tschems's ghost is moderately damaged.
Tschems's ghost hits you!
You die...

......
##########.....?.
#........^.......
#................
#................
#......<.......$.
#.............)..
#................
####........@.....#
..........(..W....#
##...............#
#..[.............#
.......#######....##
.##.... ### ....#
##... ### ......
##.. ._. ...... ##.
#.# ...


You could see tschems's ghost.

Vanquished Creatures
  The ghost of tschems the Covered, an amateur HuFi (D:3)
  A bullfrog skeleton (D:3)
  3 gnolls (D:3)
  3 adders
  A worm (D:3)
  4 dart slugs
  4 orcs (D:3)
  4 giant cockroaches
  7 goblins
  9 hobgoblins
  4 jackals (D:3)
  9 kobolds
  A quokka (D:3)
  2 ball pythons (D:3)
  5 bats
  3 frilled lizards
  10 rats
71 creatures vanquished.

Notes
Turn   | Place    | Note
-------+----------+-------------------------------------------
     0 | D:1      | Just00me the Demonspawn Monk began the quest for the Orb.
     0 | D:1      | Reached XP level 1. HP: 18/18 MP: 1/1
   189 | D:1      | Gained mutation: You have a pair of small horns on your head. [demonic ancestry]
   189 | D:1      | Reached XP level 2. HP: 24/24 MP: 2/2
   481 | D:1      | Gained mutation: You are partially covered in thin metallic scales. (AC +2) [demonic ancestry]
   481 | D:1      | Reached XP level 3. HP: 29/29 MP: 3/3
   729 | D:2      | Found an opulent altar of Gozag.
   733 | D:2      | Found Gozag's Platinum Reserve.
  1425 | D:3      | Found a faded altar of an unknown god.
  1425 | D:3      | Found a faded altar of an unknown god.
  1432 | D:3      | Found a faded altar of an unknown god.
  1438 | D:3      | Found a deep blue altar of Sif Muna.
  1439 | D:3      | Found a faded altar of an unknown god.
  1523 | D:3      | Reached XP level 4. HP: 31/35 MP: 4/4
  2049 | D:3      | Gained mutation: You regenerate a little health from kills. [demonic ancestry]
  2049 | D:3      | Reached XP level 5. HP: 41/41 MP: 5/5
  2078 | D:3      | Noticed tschems's ghost (amateur HuFi)
  2450 | D:3      | Killed tschems's ghost
  2658 | D:4      | Found a stormy altar of Qazlal.
  2665 | D:4      | Noticed tschems's ghost (amateur HuFi)
  2681 | D:4      | HP: 2/41 [tschems's ghost (2)]
  2683 | D:4      | Mangled by tschems's ghost

Skill      XL: |  1  2  3  4  5 |
---------------+----------------+-----
Unarmed Combat | 3 4 |  4.3
Dodging        | 3 4 |  4.9
Fighting       | |  3.0
Stealth        | |  1.7

Action                   |  1- 3 |  4- 6 || total
-------------------------+-------+-------++-------
Melee: Unarmed           |   136 |   104 ||   240
       Punch             |     2 |     3 ||     5
       Headbutt          |    20 |    26 ||    46
  Use: Scroll            |     9 |     1 ||    10
       Potion            |       |     1 ||     1
 Stab: Sleeping          |     4 |     1 ||     5
       Distracted        |     2 |     1 ||     3
  Eat: Chunk             |     8 |    10 ||    18
Armor: Leather armour    |    48 |    12 ||    60
Dodge: Dodged            |   104 |    53 ||   157
